 Dungeon Crawl Stone Soup version 0.29-a0-870-g2c972031a6 (webtiles) character file.

Game seed: 3043640097129817098

128 Hasart the Shooter (level 4, -4/37 HPs)
             Began as a Demigod Hunter on July 17, 2022.
             Slain by a gnoll
             ... wielding a +0 flail
              (10 damage)
             ... on level 3 of the Dungeon.
             The game lasted 00:02:16 (1155 turns).

Hasart the Shooter (Demigod Hunter)                 Turns: 1155, Time: 00:02:16

Health: -4/37      AC:  3    Str: 12    XL:     4   Next: 57%
Magic:  6/6        EV: 12    Int: 11    God:
Gold:   105        SH:  0    Dex: 21    Spells: 3/3 levels left

rFire   . . .      SeeInvis .   a - +0 shortbow
rCold   . . .      Faith    .   (shield currently unavailable)
rNeg    . . .      Spirit   .   c - +0 leather armour
rPois   .          Reflect  .   (no helmet)
rElec   .          Harm     .   (no cloak)
rCorr   .          Rampage  .   (no gloves)
Will    +....                   (no boots)
Stlth   ++........              (no amulet)
HPRegen 0.12/turn               h - ring of willpower
MPRegen 0.10/turn               k - ring of flight

@: flying
A: high MP 1, forlorn, divine attributes
a: no special abilities


You were on level 3 of the Dungeon.
You visited 1 branch of the dungeon, and saw 3 of its levels.

You collected 105 gold pieces.

Inventory:

Hand Weapons
 a - a +0 shortbow (weapon)
Armour
 c - a +0 leather armour (worn)
Jewellery
 h - a ring of willpower (left hand)
 k - a ring of flight (right hand)
Scrolls
 b - a scroll of immolation
 d - a scroll of amnesia {unknown}
 f - a scroll of acquirement {unknown}
 j - a scroll of teleportation {unknown}
 m - a scroll of vulnerability {unknown}
 o - a scroll of summoning {unknown}
 q - 2 scrolls of identify {unknown}
 t - a scroll of noise {unknown}
Potions
 e - 2 potions of mutation {unknown}
 g - a potion of berserk rage {unknown}
 i - 2 potions of invisibility {unknown}
 l - a potion of attraction {unknown}
 n - a potion of degeneration {unknown}
 p - a potion of flight {unknown}
 r - 2 potions of curing {unknown}
 s - 2 potions of lignification {unknown}


   Skills:
 + Level 2.5 Fighting
 * Level 4.5 Ranged Weapons
 + Level 2.5 Dodging
 + Level 2.1 Stealth


You had 3 spell levels left.
You didn't know any spells.
Your spell library was empty.

Dungeon Overview and Level Annotations

Branches:
Dungeon (3/15)


Innate Abilities, Weirdness & Mutations

You have an increased reservoir of magic. (+10% MP)
You shall have no god before yourself.
Your divine heritage dramatically boosts your attributes as you level up.


Message History

You fly downwards.
The gnoll barely misses you.
There is a stone staircase leading up here.
The gnoll closely misses you.
You fly upwards.
There is a stone staircase leading down here.
You shoot an arrow. The arrow hits the gnoll.
The gnoll is lightly wounded.
The gnoll hits you with a +0 whip.
You shoot an arrow.
The arrow hits the gnoll but does no damage.
The gnoll is lightly wounded.
The gnoll barely misses you. The gnoll hits you with a +0 whip.
You shoot an arrow. The arrow barely misses the gnoll.
The gnoll barely misses you.
You shoot an arrow. The arrow hits the gnoll.
The gnoll is heavily wounded.
The gnoll hits you with a +0 whip.
You shoot an arrow. The arrow hits the gnoll!
You kill the gnoll!
No target in view!
No target in view!
You start resting.
HP restored.
You fly downwards.
The gnoll hits you with a +0 flail! x2
There is a stone staircase leading up, spattered with blood here.
You shoot an arrow. The arrow hits the gnoll!
The gnoll is severely wounded.
The gnoll hits you with a +0 flail!
* * * LOW HITPOINT WARNING * * *
You are too injured to fight recklessly!
You are too injured to fight recklessly!
You are too injured to fight recklessly!
Fire: a) +0 shortbow
Press: ? - help, Q - select action Shift-Dir - straight line, f/p - gnoll
Aim: a gnoll, wielding a +0 flail (severely wounded, 69% to hit)
You shoot an arrow.
The arrow hits the gnoll but does no damage.
The gnoll is severely wounded.
The gnoll hits you with a +0 flail!
You die...

........#..###..##
#.......g....#....
.....#).#g.......
.##.....g.#...##..
......###.###..##...
#.##......# ....
#.....## .###
###..##)####.....
.........@.......
###..#....g......
.... #...###.#.#.
### #.........#
#.#.###.### #.#.#
....# .#.### ..##


You could see a gnoll.

Vanquished Creatures
  3 gnolls
  4 adders (D:2)
  A dart slug (D:2)
  7 bats
  4 endoplasms
  2 giant cockroaches
  5 goblins
  7 hobgoblins
  3 quokkas
  8 ball pythons
  10 frilled lizards
  4 kobolds
  3 rats
61 creatures vanquished.

Vanquished Creatures (others)
  10 plants (D:1)
10 creatures vanquished.

Grand Total: 71 creatures vanquished

Notes
Turn   | Place    | Note
-------+----------+-------------------------------------------
     0 | D:1      | Hasart the Demigod Hunter began the quest for the Orb.
     0 | D:1      | Reached XP level 1. HP: 17/17 MP: 3/3
    32 | D:1      | Reached skill level 1 in Stealth
    94 | D:1      | Reached XP level 2. HP: 24/24 MP: 4/4
   253 | D:1      | Reached skill level 4 in Ranged Weapons
   520 | D:2      | Reached XP level 3. HP: 29/29 MP: 5/5
   831 | D:2      | Reached XP level 4. HP: 37/37 MP: 6/6
  1155 | D:3      | Slain by a gnoll

Illustrated notes

Levels and vault maps discovered:
D:1:      dpeg_arrival_shelter, layout_rooms, minmay_lizard_king
D:2:      layout_basic, basic_ecumenical_altar
D:3:      layout_basic, minmay_ruptured, uniq_ijyb

Skill      XL: |  1  2  3  4 |
---------------+-------------+-----
Stealth        | 1 2 |  2.1
Fighting       | 2 |  2.5
Dodging        | 2 |  2.5
Ranged Weapons | 4 |  4.5

Action                   |  1- 3 |  4- 6 || total
-------------------------+-------+-------++-------
 Fire: Shortbow          |   108 |    37 ||   145
Armor: Leather armour    |     8 |     3 ||    11
Dodge: Dodged            |    31 |    11 ||    42

Table legend: (Time is in decaauts)
 A = Elapsed time spent in this place.
 B = Non-inter-level travel time spent in this place.
 C = Inter-level travel time spent in this place.
 D = Time resting spent in this place.
 E = Time spent auto-exploring this place.
 F = Levels seen in this place.
 G = Mean time per level.
                   A        B        C        D        E       F      G
               +--------+--------+--------+--------+--------+-----+--------+
         Total |   1203 |   1177 |     26 |    158 |    722 |   3 |  401.0 |
       Dungeon |   1203 |   1177 |     26 |    158 |    722 |   3 |  401.0 |
               +--------+--------+--------+--------+--------+-----+--------+

Top non-repeatable levels by time:
     D:2: 586 daAuts
     D:1: 536 daAuts
     D:3: 80 daAuts
